 Dungeon Crawl Stone Soup version 0.30-a0-585-g93115170b9 (webtiles) character file.

Game seed: 5738382632155743050

2029 drugrobin the Slasher (level 8, -2/62 HPs)
             Began as a Demigod Delver on Jan 2, 2023.
             Slain by a water moccasin (7 damage)
             ... on level 7 of the Dungeon.
             The game lasted 00:22:35 (7879 turns).

drugrobin the Slasher (Demigod Delver)              Turns: 7879, Time: 00:22:36

Health: -2/62      AC:  5    Str: 13    XL:     8   Next: 73%
Magic:  24/25      EV: 11    Int: 12    God:
Gold:   253        SH:  0    Dex: 23    Spells: 9/14 levels left

rFire   . . .      SeeInvis .    b - +3 scimitar
rCold   . . .      Faith    .    (no shield)
rNeg    . . .      Spirit   .    z - +0 ring mail
rPois   .          Reflect  .    (no helmet)
rElec   .          Harm     .    (no cloak)
rCorr   .          Rampage  .    (no gloves)
Will    .....                    (no boots)
Stlth   +++                      (no amulet)
HPRegen 0.30/turn                w - ring of magical power
MPRegen 0.19/turn                (no ring)

@: lethally poisoned (-2 -> -4)
A: high MP 1, forlorn, divine attributes
a: no special abilities


You were on level 7 of the Dungeon.
You visited 2 branches of the dungeon, and saw 8 of its levels.

You collected 253 gold pieces.

Inventory:

Hand Weapons
 a - a +1 dagger of draining
 b - a +3 scimitar (weapon)
 c - a +0 sling
 r - a +2 antimagic dagger
Missiles
 e - a throwing net
Armour
 j - a +0 leather armour
 n - a +0 chain mail
 v - a +0 scale mail
 z - a +0 ring mail (worn)
Jewellery
 w - a ring of magical power (left hand)
Wands
 g - a wand of digging (3)
 A - a wand of flame (5)
Scrolls
 d - 2 scrolls of magic mapping
 i - a scroll of torment {unknown}
 k - 5 scrolls of teleportation
 l - a scroll of fear
 o - a scroll of fog
 p - 2 scrolls of poison
 q - a scroll of silence {unknown}
 t - a scroll of enchant weapon {unknown}
 x - a scroll of amnesia {unknown}
 y - a scroll of noise {unknown}
 D - a scroll of enchant armour {unknown}
Potions
 f - a potion of haste
 h - a potion of heal wounds {unknown}
 m - a potion of ambrosia
 s - 2 potions of attraction
 u - 3 potions of brilliance
 B - a potion of lignification {unknown}
 C - a potion of invisibility {unknown}


   Skills:
 + Level 2.6 Fighting
 * Level 7.0 Long Blades
 + Level 1.7 Dodging
 - Level 4.5 Stealth
 + Level 3.6 Spellcasting
 + Level 3.7 Conjurations
 - Level 4.0 Fire Magic
 - Level 4.0 Air Magic


You had 9 spell levels left.
You knew the following spells:

 Your Spells              Type           Power      Damage    Failure   Level
a - Shock                 Conj/Air       44%        1d5       11%         1
b - Sticky Flame          Conj/Fire      11%        2d3       71%         4

Your spell library contained the following spells:

 Spells                   Type           Power      Damage    Failure   Level
 Ensorcelled Hibernation  Hex/Ice        4%         N/A       58%         2
 Spider Form              Tmut/Pois      2%         N/A       83%         3
 Anguish                  Hex/Necr       1%         N/A       99%         4
 Starburst                Conj/Fire      5%         6d4       100%        6
 Chain Lightning          Conj/Air       5%         3d7       100%        9


Dungeon Overview and Level Annotations

Branches:
Dungeon (7/15)             Temple (1/1) D:5

Shops:
D:5 [


Innate Abilities, Weirdness & Mutations

You have an increased reservoir of magic. (+10% MP)
You shall have no god before yourself.
Your divine heritage dramatically boosts your attributes as you level up.


Message History

You hit the water moccasin.
The water moccasin is heavily wounded.
The water moccasin barely misses you. The water moccasin bites you.
You are poisoned.
The water moccasin poisons you!
The water moccasin attacks as you move away!
The water moccasin barely misses you.
You feel very sick.
Casting: Shock (safe; 11% risk of failure)
Confirm with . or Enter, or press ? or * to list all spells.
Aiming: Shock (safe; 11% risk of failure)
Press: ? - help, Shift-Dir - straight line The zap hits the water moccasin.
The water moccasin is heavily wounded.
The zap misses the water moccasin.
You feel sick. The water moccasin bites you.
* * * LOW HITPOINT WARNING * * *
The water moccasin bites you!
* * * LOW HITPOINT WARNING * * *
Unknown command.
Unknown command.
Unknown command.
Okay, then.
Unknown command.
Unknown command.
You barely miss the water moccasin.
The water moccasin is heavily wounded.
You feel sick. The water moccasin closely misses you.
Unknown command.
Unknown command.
Unknown command.
Unknown command.
You hit the water moccasin.
The water moccasin is heavily wounded.
You feel sick. The water moccasin closely misses you.
Unknown command.
Unknown command.
You slash the water moccasin!
The water moccasin is almost dead.
You feel sick. The water moccasin bites you!
You die...

#.##.#...#.....<#..#.#
#.##....)#.##.#.#..#.#
#.########.#..#.#..#.# #.#
#.#..#.#..#.# #.#
#.#..#.#..#.# #.#
#.#..#.#..#.# #.#
#.#..#.#..#.# #.#
#.#..#.#..#.# #######.#
#@####.#....# ........#
#.S....##.###
#######.################.#
.........................#
#####.#.########.#######.#
##### ### ###


You could see a water moccasin.

Vanquished Creatures
  Sigmund (D:3)
  A steam dragon (D:6)
  A water moccasin (D:7)
  An orc warrior (D:5)
  An ice beast (D:6)
  2 ogres
  A centaur (D:6)
  A scorpion (D:5)
  4 wights (D:6)
  4 jellies
  5 hounds
  2 orc priests (D:5)
  A gnoll bouda (D:6)
  4 iguanas
  2 orc wizards
  Natasha (thrice) (D:2)
  19 gnolls
  5 adders
  A shadow imp (D:5)
  2 white imps
  An ufetubus (D:6)
  A worm (D:3)
  4 dart slugs
  15 orcs
  5 ball pythons
  10 endoplasms
  3 giant cockroaches
  6 goblins
  2 hobgoblins
  8 jackals
  2 quokkas
  6 bats
  7 frilled lizards
  3 kobolds
  6 rats
140 creatures vanquished.

Notes
Turn   | Place    | Note
-------+----------+-------------------------------------------
     0 | D:5      | drugrobin the Demigod Delver began the quest for the Orb.
     0 | D:5      | Reached XP level 1. HP: 18/18 MP: 3/3
     4 | D:5      | Found a staircase to the Ecumenical Temple.
    16 | D:5      | Noticed a hound
    18 | D:5      | Found Cytoh's Armour Boutique.
   142 | D:4      | Noticed a hound
   198 | D:4      | Reached skill level 2 in Long Blades
   318 | D:3      | Reached XP level 2. HP: 25/25 MP: 4/4
   527 | D:2      | Got the Quarto of the Fifth Circle
   537 | D:2      | Noticed Natasha
   542 | D:2      | Killed Natasha
   543 | D:2      | Reached skill level 3 in Long Blades
   543 | D:2      | Reached XP level 3. HP: 27/30 MP: 1/5
   939 | D:1      | Reached skill level 4 in Long Blades
  1451 | D:2      | Reached XP level 4. HP: 34/34 MP: 6/6
  1518 | D:2      | Noticed Natasha
  1534 | D:2      | Killed Natasha
  1633 | D:2      | Noticed Natasha
  1648 | D:2      | Killed Natasha
  1772 | D:3      | Noticed Sigmund
  2043 | D:3      | Reached skill level 5 in Long Blades
  2068 | D:3      | Reached XP level 5. HP: 32/42 MP: 7/7
  2217 | D:3      | Killed Sigmund
  2218 | D:3      | Reached skill level 6 in Long Blades
  2218 | D:3      | Reached XP level 6. HP: 41/50 MP: 2/8
  2944 | D:4      | Learned a level 1 spell: Shock
  2949 | D:4      | Learned a level 4 spell: Sticky Flame
  3498 | D:5      | Reached skill level 1 in Air Magic
  3519 | D:5      | Reached skill level 1 in Fire Magic
  3563 | D:4      | Reached skill level 1 in Spellcasting
  3748 | Temple   | Entered the Ecumenical Temple
  3979 | Temple   | Reached XP level 7. HP: 56/56 MP: 11/11
  4131 | Temple   | Reached skill level 1 in Conjurations
  6127 | D:5      | Reached XP level 8. HP: 38/62 MP: 15/15
  7474 | D:7      | Reached skill level 7 in Long Blades
  7879 | D:7      | Slain by a water moccasin

Illustrated notes

Levels and vault maps discovered:
D:1:      dpeg_arrival_pond, layout_basic, serial_glass, glass_columns_a,
          glass_columns_a, glass_columns_c, glass_columns_a, feat_on_display,
          feat_on_display, item_on_display_a
D:2:      layout_loops_ring, uniq_natasha
D:3:      layout_loops_ring, uniq_sigmund
D:4:      layout_basic, nicolae_titane
D:5:      layout_cave_pools, minmay_temple_entry_statues_pillars, serial_shops,
          nicolae_shop_hallway_stairs
D:6:      layout_loops_ring, nicolae_overflow_hidden_temple,
          lemuel_crystal_altar
D:7:      layout_basic, old_standard_altar, gammafunk_temple_overflow_statue,
          serial_shops, kennysheep_little_box, nicolae_inconvenience_store,
          nicolae_shop_bloodbath_and_beyond, kennysheep_mini, shop, uniq_pikel,
          uniq_duvessa
Temple:   regret_index_temple_sphere_string

Skill      XL: |  1  2  3  4  5  6  7  8 |
---------------+-------------------------+-----
Long Blades    | 2 3 4 5 6 7 |  7.0
Air Magic      | 1 2 4 |  4.0
Fire Magic     | 1 3 4 |  4.0
Spellcasting   | 1 2 3 |  3.6
Conjurations   | 2 3 |  3.7
Fighting       | |  2.6
Dodging        | |  1.7
Stealth        | |  4.5

Action                   |  1- 3 |  4- 6 |  7- 9 || total
-------------------------+-------+-------+-------++-------
Melee: Falchion          |    25 |       |       ||    25
       Dagger            |   126 |   233 |   128 ||   487
       Punch             |       |     6 |     4 ||    10
       Long sword        |       |       |    58 ||    58
       Scimitar          |       |       |    44 ||    44
 Fire: Sling             |     8 |       |       ||     8
Throw: Throwing net      |       |       |     2 ||     2
 Cast: Shock             |       |     1 |    51 ||    52
  Use: Potion            |       |     3 |       ||     3
       Scroll            |       |     1 |     4 ||     5
 Stab: Sleeping          |     2 |       |     2 ||     4
Armor: Leather armour    |     8 |       |     5 ||    13
       Chain mail        |    75 |    31 |    16 ||   122
       Scale mail        |       |    34 |    12 ||    46
       Ring mail         |       |       |    15 ||    15
Dodge: Dodged            |    44 |    71 |   138 ||   253

Table legend: (Time is in decaauts)
 A = Elapsed time spent in this place.
 B = Non-inter-level travel time spent in this place.
 C = Inter-level travel time spent in this place.
 D = Time resting spent in this place.
 E = Time spent auto-exploring this place.
 F = Levels seen in this place.
 G = Mean time per level.
                   A        B        C        D        E       F      G
               +--------+--------+--------+--------+--------+-----+--------+
         Total |   7813 |   7331 |    482 |   1577 |   3847 |   8 |  976.6 |
       Dungeon |   7359 |   6902 |    457 |   1368 |   3731 |   7 | 1051.3 |
        Temple |    453 |    428 |     25 |    209 |    116 |   1 |  453.0 |
               +--------+--------+--------+--------+--------+-----+--------+

Top non-repeatable levels by time:
     D:5: 1750 daAuts
     D:4: 1466 daAuts
     D:6: 1343 daAuts
     D:3: 883 daAuts
     D:1: 765 daAuts
     D:2: 678 daAuts
     D:7: 472 daAuts
  Temple: 453 daAuts
